 Dungeon Crawl Stone Soup version 0.19.5 (webtiles) character file.

372 Zhenya24pyc the Cudgeler (level 6, 0/38 HPs)
             Began as a Gargoyle Fighter on May 4, 2017.
             Killed by nerve-wracking pain
             ... invoked by Grinder
              (1 damage)
             ... on level 3 of the Dungeon.
             The game lasted 00:05:16 (2744 turns).

Zhenya24pyc the Cudgeler (Gargoyle Fighter)         Turns: 2744, Time: 00:05:16

Health: 0/38       AC: 12    Str: 20    XL:     6   Next: 71%
Magic:  6/6        EV:  7    Int:  9    God:
Gold:   74         SH:  9    Dex: 10    Spells: 0 memorised, 5 levels left

rFire  . . .     SeeInvis .     a - +0 flail
rCold  . . .     Gourm    .     b - +0 scale mail
rNeg   + + .     Faith    .     c - +0 shield
rPois  ∞         Spirit   .     r - +0 helmet
rElec  +         Reflect  .     (no cloak)
rCorr  .         Harm     .     (no gloves)
MR     .....                    (no boots)
Stlth  ..........               (no amulet)
                                o - ring of wizardry
                                j - ring of positive energy

@: no status effects
A: negative energy resistance 1, electricity resistance, unbreathing,
petrification resistance, rot immunity, AC +4
a: no special abilities


You were on level 3 of the Dungeon.
You were not hungry.

You visited 1 branch of the dungeon, and saw 3 of its levels.

You collected 74 gold pieces.

Inventory:

Hand Weapons
 a - a +0 flail (weapon)
Armour
 b - a +0 scale mail (worn)
 c - a +0 shield (worn)
 r - a +0 helmet (worn)
Jewellery
 j - a ring of positive energy (left hand)
 o - a ring of wizardry (right hand)
Scrolls
 g - a scroll of blinking {unknown}
 i - a scroll of magic mapping {unknown}
 k - a scroll of random uselessness {unknown}
 m - 2 scrolls of remove curse {unknown}
 n - 2 scrolls of identify {unknown}
 p - a scroll of fog {unknown}
 v - a scroll of immolation {unknown}
Potions
 d - 2 potions of might
 e - a potion of agility
 h - 4 potions of curing {unknown}
 s - a potion of flight {unknown}
 u - a potion of ambrosia {unknown}
Comestibles
 f - 2 bread rations
 l - a meat ration
 q - 7 chunks of flesh
 t - a beef jerky


   Skills:
 + Level 3.8 Fighting
 * Level 6.3 Maces & Flails
 + Level 3.7 Armour
 + Level 3.6 Shields


You had 5 spell levels left.
You didn't know any spells.

Dungeon Overview and Level Annotations

Branches:
Dungeon (3/15)

Altars:

Annotations:
D:3 Grinder


Innate Abilities, Weirdness & Mutations

You are resistant to torment.
Your stone body is resilient. (AC +4)
You are immune to poison.
You resist negative energy. (rN+)
You are resistant to electric shocks. (rElec)
You can survive without breathing.
You are immune to petrification.
You are immune to rotting.


Message History

Grinder closely misses you.
You barely miss Grinder.
Grinder is severely wounded.
Grinder hits you but does no damage.
You hit Grinder.
Grinder is severely wounded.
You block Grinder's attack.
You closely miss Grinder.
Grinder is severely wounded.
Grinder hits you but does no damage.
You closely miss Grinder.
Grinder is severely wounded.
Grinder gestures at you. Pain shoots through your body!
* * * LOW HITPOINT WARNING * * *
Grinder hits you.
* * * LOW HITPOINT WARNING * * *
Grinder gestures at you. Pain shoots through your body!
You die...

#.....<.#
#.......#
#......(####
#.>.........
#######.###..##
#..............
#......b#####.#
#####........##
..
#†@(..........#
#.
##)##########.).#
# #.5#######
.#..# #..8§8.8.8
.##.# #....(....
.# ... #.....%...
.# ## #.........
#.........
#.........


You could see Grinder.

Vanquished Creatures
  Sigmund (D:2)
  Natasha (twice) (D:2)
  Terence (D:2)
  Robin (D:2)
  3 adders (D:2)
  3 oozes
  An adder zombie (D:2)
  2 worms
  A dart slug (D:2)
  A leopard gecko (D:1)
  4 orcs
  3 bat skeletons (D:2)
  2 bat zombies (D:2)
  4 giant cockroaches
  22 goblins
  7 hobgoblins
  4 jackals (D:3)
  4 bats
  5 frilled lizards
  2 jackal skeletons (D:2)
  A jackal zombie (D:2)
  7 kobolds
  A leopard gecko skeleton (D:2)
  A quokka zombie (D:2)
  7 rats
90 creatures vanquished.

Notes
Turn   | Place    | Note
-------+----------+-------------------------------------------
     0 | D:1      | Zhenya24pyc the Gargoyle Fighter began the quest for the Orb.
     0 | D:1      | Reached XP level 1. HP: 14/14 MP: 1/1
   118 | D:1      | Reached XP level 2. HP: 17/19 MP: 2/2
   319 | D:1      | Reached skill level 3 in Maces & Flails
   955 | D:1      | Reached XP level 3. HP: 23/23 MP: 3/3
  1205 | D:2      | Reached skill level 4 in Maces & Flails
  1262 | D:2      | Noticed Sigmund
  1275 | D:2      | Killed Sigmund
  1275 | D:2      | Reached skill level 5 in Maces & Flails
  1275 | D:2      | Reached XP level 4. HP: 11/28 MP: 4/4
  1275 | D:2      | Reached XP level 5. HP: 13/32 MP: 5/5
  1595 | D:2      | Noticed Natasha
  1610 | D:2      | Killed Natasha
  1777 | D:2      | Noticed Terence
  1791 | D:2      | Killed Terence
  1791 | D:2      | Reached skill level 6 in Maces & Flails
  1791 | D:2      | Reached XP level 6. HP: 36/37 MP: 6/6
  2266 | D:2      | Noticed Natasha
  2290 | D:2      | Killed Natasha
  2310 | D:3      | Noticed Robin
  2575 | D:2      | Killed Robin
  2636 | D:3      | Noticed Grinder
  2668 | D:3      | Paralysed by Grinder for 2 turns
  2674 | D:3      | Paralysed by Grinder for 6 turns
  2698 | D:3      | Paralysed by Grinder for 5 turns
  2707 | D:3      | Paralysed by Grinder for 7 turns
  2743 | D:3      | HP: 1/38 [Grinder (1)]
  2744 | D:3      | Killed from afar by Grinder

Skill      XL: |  1  2  3  4  5 |
---------------+----------------+-----
Maces & Flails | 3 5 6 |  6.3
Fighting       | |  3.8
Armour         | |  3.7
Shields        | |  3.6

Action                   |  1- 3 |  4- 6 || total
-------------------------+-------+-------++-------
Melee: Flail             |   144 |   209 ||   353
  Eat: Chunk             |     1 |     4 ||     5
       Pizza             |       |     1 ||     1
Armor: Scale mail        |    72 |   181 ||   253
Dodge: Dodged            |    44 |    91 ||   135
Block: Shield            |    64 |   129 ||   193
